 Dungeon Crawl Stone Soup version 0.15.1-3-g1b33baa (webtiles) character file.

1792 Johnny the Gusty (level 8, -6/66 HPs)
             Began as a Demigod Air Elementalist on Oct 3, 2014.
             Shot with a sling bullet by Joseph (12 damage)
             ... on Level 7 of the Dungeon.
             The game lasted 00:24:56 (8057 turns).

Johnny the Gusty (Demigod Air Elementalist)         Turns: 8057, Time: 00:24:56

HP  -6/66        AC  6     Str 14      XL: 8   Next: 53%
MP   1/21        EV 10     Int 22      God:
Gold 427         SH  0     Dex 16      Spells:  4 memorised,  3 levels left

rFire  + . .     SeeInvis .     a - +0 halberd (curse)
rCold  . . .     Clarity  .     h - +0 ring mail (curse)
rNeg   . . .     rCorr    .     (no shield)
rPois  .         rRot     .     (no helmet)
rElec  .         Spirit   .     (no cloak)
SustAb .         Warding  .     i - +0 pair of gloves
rMut   .         Stasis   .     (no boots)
Gourm  +                        q - amulet of the gourmand
MR     .....                    (no ring)
                                r - cursed ring of protection from fire

@: about to teleport, not resistant to hostile enchantments, unstealthy
A: no striking features
a: no special abilities


You were on level 7 of the Dungeon.
You were very full.

You visited 1 branch of the dungeon, and saw 7 of its levels.
You also visited: Ossuary.

You collected 427 gold pieces.

Inventory:

Hand weapons
 a - a cursed +0 halberd (weapon)
 g - a cursed +0 spear
 v - a +1 mace of crushing
Armour
 h - a cursed +0 ring mail (worn)
 i - a +0 pair of gloves (worn)
Comestibles
 c - 7 bread rations
 d - 3 beef jerkies
 f - a meat ration
Scrolls
 m - 2 scrolls of enchant armour
 s - a scroll of blinking {unknown}
 u - a scroll of teleportation
 x - 2 scrolls of fear {unknown}
 A - a scroll of amnesia {unknown}
 B - a scroll of magic mapping {unknown}
Jewellery
 q - an amulet of the gourmand (around neck)
 r - a cursed ring of protection from fire (left hand)
 y - an uncursed amulet of resist corrosion {unknown}
Potions
 e - a potion of restore abilities
 k - a potion of brilliance
 l - a potion of poison
 o - a potion of invisibility {unknown}
 p - a potion of might {unknown}
 t - 2 potions of confusion {unknown}
 w - a potion of haste {unknown}
 z - a potion of mutation {unknown}
Books
 b - a book of Air

   Spells                             Type                      Level
   *Shock                             Conjuration/Air              1
   Swiftness                          Charms/Air                   2
   Repel Missiles                     Charms/Air                   2
   *Flight                            Charms/Air                   3
   *Static Discharge                  Conjuration/Air              3
   *Lightning Bolt                    Conjuration/Air              5
 j - the Compendium of Sinister Secrets
   (You found it on level 5 of the Dungeon)

   Spells                             Type                      Level
   Animate Skeleton                   Necromancy                   1
   Pain                               Necromancy                   1
   Corpse Rot                         Necromancy                   2
   Animate Dead                       Necromancy                   4
   Twisted Resurrection               Necromancy                   5
   Death Channel                      Necromancy                   6


   Skills:
 * Level 4.2 Fighting
 + Level 2.7 Armour
 + Level 3.7 Dodging
 + Level 4.1 Stealth
 * Level 4.1 Spellcasting
 * Level 4.0 Conjurations
 * Level 5.3 Air Magic


You had 3 spell levels left.
You knew the following spells:

 Your Spells              Type           Power        Failure   Level  Hunger
a - Shock                 Conj/Air       ####         1%          1    None
b - Static Discharge      Conj/Air       ####....     8%          3    ###....
c - Flight                Chrm/Air       ###.......   17%         3    ###....
d - Lightning Bolt        Conj/Air       ####......   65%         5    #####..


Dungeon Overview and Level Annotations

Branches:
Dungeon (7/15)             Temple (0/1) D:4

Annotations:
D:7 Joseph


Message History

Joseph is struck by lightning.
Joseph is almost dead.
The lightning arcs!
You are struck by lightning.
The lightning grounds out.
Joseph hits you with an uncursed runed quarterstaff!
* * * LOW HITPOINT WARNING * * *
You hit Joseph but do no damage.
Joseph is almost dead.
Joseph hits you with an uncursed runed quarterstaff!
* * * LOW HITPOINT WARNING * * *
Unknown command.
Joseph unwields an uncursed runed quarterstaff.
Joseph wields an uncursed hunting sling of flaming.
It bursts into flame!
Joseph shoots a sling bullet.
The sling bullet hits you but does no damage.
You see here a sling bullet.
Read which item? (? for menu, Esc to quit)
As you read the scroll of teleportation, it crumbles to dust.
You feel strangely unstable.
Joseph shoots a sling bullet.
The sling bullet hits you!
You die...

#..#♣♣(♣♣#.# ## #..........#
.......)...# #..........#
##.#♣♣.♣♣#...# #......>...##
...# ♣.♣ #.### #...........##
##.###.# #.# ###............#
#......# #.######(...........#.#
#...<.####.##.....######.#####.#
..#.)..(...)..§§..# .# #.#
....#...........@.# .# #.#
##......≈...≈§....# .# #.#
##.....§..§§≈≈≈.@# #.# #.#
##....≈≈§§≈≈§§≈..# #.# #.#
#..#.≈§≈§≈≈§≈≈...# #.# #.#
#.....§≈≈⌠§≈≈....# #.# #.#
#.)...≈≈§.>≈≈≈...# #.# #.#
#....§§≈§≈≈§≈....# #.# ###.##
##......≈≈≈≈≈≈....# #.###....#


You could see Joseph.

Vanquished Creatures
  2 ice beasts
  An orc warrior (D:6)
  A centaur (D:7)
  2 giant frogs (D:7)
  A wyvern skeleton (D:5)
  A crimson imp (D:5)
  A jelly (D:5)
  2 centaur zombies (Ossuary)
  4 gnoll shamans (D:3)
  3 hounds
  2 orc priests
  6 worker ants
  4 orc wizards
  A hound skeleton (D:6)
  4 mummies (Ossuary)
  22 gnolls (D:3)
  2 giant mites
  15 adders
  3 worms
  An iguana skeleton (D:3)
  5 giant geckos
  21 orcs
  11 bats
  A bat zombie (D:2)
  3 giant cockroaches
  14 hobgoblins
  14 jackals
  17 kobolds
  5 quokkas
  2 ball pythons (D:2)
  A giant gecko skeleton (D:4)
  6 giant newts
  A giant spore (D:5)
  14 goblins
  2 goblin zombies (Ossuary)
  2 hobgoblin skeletons
  A hobgoblin zombie (Ossuary)
  3 kobold skeletons
  2 kobold zombies (Ossuary)
  An orc zombie (Ossuary)
  9 rats
  A rat skeleton (D:4)
  A ballistomycete (D:5)
215 creatures vanquished.

Notes
Turn   | Place    | Note
--------------------------------------------------------------
     0 | D:1      | Johnny, the Demigod Air Elementalist, began the quest for the Orb.
     0 | D:1      | Reached XP level 1. HP: 14/14 MP: 3/3
   253 | D:1      | Reached skill level 1 in Conjurations
   293 | D:1      | Reached XP level 2. HP: 1/20 MP: 0/5
   843 | D:2      | Reached XP level 3. HP: 17/27 MP: 1/8
   927 | D:2      | Reached skill level 3 in Air Magic
  1075 | D:2      | Learned a level 3 spell: Static Discharge
  1254 | D:2      | Reached XP level 4. HP: 26/34 MP: 5/11
  1818 | D:3      | Reached skill level 1 in Fighting
  2363 | D:3      | Reached XP level 5. HP: 33/40 MP: 4/12
  2782 | D:3      | Reached skill level 1 in Armour
  3138 | D:3      | Reached XP level 6. HP: 24/48 MP: 0/15
  3478 | D:3      | Reached skill level 4 in Air Magic
  3489 | D:3      | Learned a level 5 spell: Lightning Bolt
  3727 | D:3      | Noticed an ogre
  4081 | D:4      | Found a sand-covered staircase.
  4088 | Ossuary  | Entered an ossuary
  4109 | Ossuary  | Reached XP level 7. HP: 41/56 MP: 9/18
  4766 | D:4      | Found a staircase to the Ecumenical Temple.
  5420 | D:5      | Entered Level 5 of the Dungeon
  5767 | D:5      | Identified the Compendium of Sinister Secrets
  6347 | D:6      | Found a deep blue altar of Sif Muna.
  6458 | D:6      | Found a shimmering altar of Xom.
  6732 | D:6      | Reached XP level 8. HP: 17/64 MP: 10/20
  6793 | D:6      | Learned a level 3 spell: Flight
  6933 | D:6      | Reached skill level 5 in Air Magic
  7627 | D:7      | Found a stormy altar of Qazlal.
  7750 | D:7      | Noticed Joseph
  8057 | D:7      | Shot with a sling bullet by Joseph

Action                   |  1- 3 |  4- 6 |  7- 9 || total
-------------------------+-------+-------+-------++-------
Melee: Dagger            |     7 |       |       ||     7
       Unarmed           |     5 |       |       ||     5
       Spear             |    23 |   117 |       ||   140
       Halberd           |       |    15 |   248 ||   263
 Cast: Shock             |    65 |   147 |    39 ||   251
       Static Discharge  |     1 |    24 |    43 ||    68
       Lightning Bolt    |       |       |     1 ||     1
  Use: Scroll            |       |     4 |    10 ||    14
       Potion            |       |     2 |     6 ||     8
 Stab: Sleeping          |       |     3 |     3 ||     6
       Distracted        |       |       |     1 ||     1
  Eat: Chunk             |     1 |    18 |    20 ||    39
